 Dungeon Crawl Stone Soup version 0.27.1-35-g4d5d836560 (webtiles) character file.

Game seed: 6331039507783749868

399 Delamore the Covert (level 6, -3/39 HPs)
             Began as an Octopode Brigand on Apr 12, 2022.
             Slain by a two-headed ogre (17 damage)
             ... on level 4 of the Dungeon.
             The game lasted 00:02:34 (2913 turns).

Delamore the Covert (Octopode Brigand)              Turns: 2913, Time: 00:02:34

Health: -3/39      AC:  1    Str: 11    XL:     6   Next: 84%
Magic:  0/6        EV: 12    Int: 13    God:
Gold:   151        SH:  0    Dex: 15    Spells: 5/5 levels left

rFire    . . .     SeeInvis .   t - +0 dagger (venom)
rCold    . . .     Faith    .   (no shield)
rNeg     + . .     Spirit   +   (helmet restricted)
rPois    .         Reflect  .   e - amulet of guardian spirit
rElec    .         Harm     .   s - ring of positive energy
rCorr    .         Rampage  .   (no ring)
Will     .....                  (no ring)
Stlth    +++++.....             (no ring)
HPRegen  0.13/turn              (no ring)
MPRegen  0.10/turn              (no ring)
                                (no ring)
                                (no ring)

@: no status effects
A: almost no armour, amphibious, 8 rings, camouflage 1, gelatinous body 1,
(nimble swimmer 1), tentacles
a: no special abilities


You were on level 4 of the Dungeon.
You visited 1 branch of the dungeon, and saw 4 of its levels.

You collected 151 gold pieces.

Inventory:

Hand Weapons
 a - a +2 dagger
 t - a +0 dagger of venom (weapon)
Missiles
 b - 37 poisoned darts
 c - 4 boomerangs
 r - a curare-tipped dart (quivered)
Jewellery
 e - an amulet of guardian spirit (around mantle)
 j - an amulet of magic regeneration
 s - a ring of positive energy (left tentacle)
Scrolls
 d - a scroll of holy word
 f - a scroll of enchant weapon
 h - a scroll of vulnerability {unknown}
 i - a scroll of magic mapping {unknown}
 k - a scroll of immolation
 o - a scroll of teleportation
 q - a scroll of amnesia {unknown}
Potions
 g - 2 potions of degeneration {unknown}
 l - 2 potions of might {unknown}
 m - a potion of heal wounds
 n - a potion of curing
 p - a potion of attraction {unknown}


   Skills:
 - Level 2.0 Fighting
 + Level 5.1 Short Blades
 - Level 2.0 Throwing
 - Level 1.0 Dodging
 + Level 8.7 Stealth


You had 5 spell levels left.
You didn't know any spells.
Your spell library contained the following spells:

 Spells                   Type           Power      Damage    Failure   Level
 Foxfire                  Conj/Fire      0%         2x1d4     30%         1
 Conjure Flame            Conj/Fire      0%         6-21      67%         3
 Inner Flame              Hex/Fire       0%         N/A       67%         3


Dungeon Overview and Level Annotations

Branches:
Dungeon (4/15)
 Temple: D:4-7

Altars:
Okawaru


Innate Abilities, Weirdness & Mutations

You cannot wear most types of armour.
You are amphibious.
You can wear up to eight rings at the same time.
Your skin changes colour to match your surroundings (Stealth+).
Your rubbery body absorbs attacks. (AC +1, EV +1)
((You are camouflaged near water. (Stealth+)))
You have tentacles for arms and can constrict up to eight enemies at once.


Message History

t - a +0 dagger of venom (weapon)
* * * LOW HITPOINT WARNING * * *
You feel sick.
There is a lethal amount of poison in your body!
There is a lethal amount of poison in your body!
It was a potion of curing.
You feel better.
A goblin comes into view. It is wielding a +0 club.
A goblin is nearby!
You hit the goblin.
The goblin is poisoned.
You grab the goblin. You squeeze the goblin.
You kill the goblin!
No target in view!
You start resting.
Magic restored.
An adder comes into view.
An adder is nearby!
An adder is nearby!
The adder hisses angrily.
The adder closely misses you.
You see here a +0 club.
You miss the adder. Your grab misses the adder. You squeeze the adder!
The adder is almost dead.
The adder bites you but does no damage.
You hit the adder but do no damage.
The adder is poisoned.
You grab the adder.
The adder is almost dead.
You constrict the adder.
You kill the adder!
No target in view!
No target in view!
No target in view!
No target in view!
A two-headed ogre comes into view.
It is wielding a +0 giant club and a +0 giant spiked club.
A two-headed ogre is nearby!
You see here an adder corpse.
The two-headed ogre shouts in stereo!
You hit the two-headed ogre. You squeeze the two-headed ogre!
The two-headed ogre is moderately wounded.
The two-headed ogre hits you with a +0 giant club!
The two-headed ogre hits you with a +0 giant spiked club!!
You die...

############## #
#.).[........# #.
#†##########.# #.#.#
#######.####
#.@####..........#
#...O.....#####.##.#
#.#............#...#
#...#..#########.#..##
##.##..# #####.#....
#. #..# ....[......# #
#..##...####..#...
#<.>...........#.#
##.##............#


You could see a two-headed ogre.

Vanquished Creatures
  Grinder (D:3)
  Jessica (D:3)
  Natasha (thrice) (D:3)
  4 adders
  A worm (D:3)
  3 dart slugs
  6 orcs
  5 ball pythons
  10 endoplasms
  2 giant cockroaches
  4 goblins
  3 hobgoblins
  12 jackals
  A quokka (D:3)
  5 bats
  5 frilled lizards
  8 kobolds
  A quokka skeleton (D:4)
  3 rats
78 creatures vanquished.

Notes
Turn   | Place    | Note
-------+----------+-------------------------------------------
     0 | D:1      | Delamore the Octopode Brigand began the quest for the Orb.
     0 | D:1      | Reached XP level 1. HP: 14/14 MP: 1/1
   120 | D:1      | Reached XP level 2. HP: 19/19 MP: 2/2
   708 | D:2      | Reached skill level 6 in Stealth
   735 | D:2      | Reached XP level 3. HP: 24/24 MP: 3/3
   946 | D:2      | Found an iron altar of Okawaru.
  1163 | D:3      | Noticed Jessica
  1167 | D:3      | Killed Jessica
  1168 | D:3      | Reached XP level 4. HP: 29/29 MP: 4/4
  1521 | D:3      | Reached skill level 7 in Stealth
  1612 | D:3      | Noticed Natasha
  1625 | D:3      | Killed Natasha
  1626 | D:3      | Reached XP level 5. HP: 20/34 MP: 2/5
  1643 | D:3      | Noticed Natasha
  1652 | D:3      | Killed Natasha
  1761 | D:3      | Noticed Natasha
  1776 | D:3      | Killed Natasha
  2364 | D:3      | Noticed Grinder
  2374 | D:3      | Killed Grinder
  2375 | D:3      | Reached skill level 5 in Short Blades
  2375 | D:3      | Reached skill level 8 in Stealth
  2375 | D:3      | Reached XP level 6. HP: 19/39 MP: 2/6
  2909 | D:4      | Noticed a two-headed ogre
  2913 | D:4      | Slain by a two-headed ogre

Illustrated notes

Levels and vault maps discovered:
D:1:      zaba_arrival_water, layout_rooms
D:2:      layout_rooms, basic_altar, eino_curves_03, minmay_nonomino_d4
D:3:      layout_rooms, minmay_misc_feat_ornament, amethyst_killhole,
          uniq_natasha, uniq_grinder, uniq_jessica
D:4:      layout_loops_ring, makhleb_blood_cavern_becter,
          minmay_temple_entry_slanted

Skill      XL: |  1  2  3  4  5 |
---------------+----------------+-----
Stealth        | 6 7 8 |  8.7
Short Blades   | 3 5 |  5.1
Fighting       | |  2.0
Throwing       | |  2.0
Dodging        | |  1.0

Action                   |  1- 3 |  4- 6 || total
-------------------------+-------+-------++-------
Melee: Dagger            |    53 |   109 ||   162
       Constrict         |     8 |    21 ||    29
       Tentacles         |     6 |    24 ||    30
Throw: Dart              |       |     2 ||     2
  Use: Scroll            |     2 |     2 ||     4
       Potion            |       |     1 ||     1
 Stab: Sleeping          |    15 |    10 ||    25
       Distracted        |     1 |     1 ||     2
Armor: Skin              |     1 |     9 ||    10
Dodge: Dodged            |    16 |    49 ||    65
